 Dungeon Crawl Stone Soup version 0.17-a0-870-gcb215c1 (webtiles) character file.

655 namelastname112 the Bolt Thrower (level 7, 0/60 HPs)
             Began as a Yellow Draconian Hunter on Apr 29, 2015.
             Slain by a centaur zombie (7 damage)
             ... in an ossuary.
             The game lasted 00:08:11 (3475 turns).

namelastname112 the Bolt Thrower (DrHu)             Turns: 3475, Time: 00:08:12

Health: 0/60       AC:  6    Str: 14    XL:     7   Next: 29%
Magic:  7/7        EV: 14    Int: 11    God:
Gold:   265        SH:  0    Dex: 14    Spells: 0 memorised, 6 levels left

rFire  . . .     SeeInvis .     l - +3 dagger (freeze)
rCold  . . .     Clarity  .     (armour unavailable)
rNeg   . . .     SustAb   .     (no shield)
rPois  .         Gourm    .     (helmet restricted)
rElec  .         Spirit   .     (no cloak)
rCorr  +         Warding  .     (no gloves)
rMut   .         Stasis   .     (no boots)
MR     .....                    r - amulet of resist corrosion
Stlth  +.........               (no ring)
                                (no ring)

@: not resistant to hostile enchantments, very unstealthy
A: spit acid, acid resistance, unfitting armour, hooves 1, cold-blooded, AC +6
a: Spit Acid


You were in an ossuary.
You were not hungry.

You visited 1 branch of the dungeon, and saw 6 of its levels.
You also visited: Ossuary.

You collected 265 gold pieces.

Inventory:

Hand weapons
 b - a +1 hand crossbow
 l - a +3 dagger of freezing (weapon)
Missiles
 c - 33 bolts
Jewellery
 r - an amulet of resist corrosion (around neck)
Magical devices
 t - a wand of random effects (23)
 v - a wand of cold (4)
Scrolls
 e - a scroll of blinking
 h - a scroll of remove curse
 j - 3 scrolls of enchant weapon
 n - 4 scrolls of identify
Books
 g - a book of Death

   Spells                             Type                      Level
   a - Corpse Rot                     Necromancy                   2
   b - Sublimation of Blood           Necromancy                   2
   c - Agony                          Necromancy                   5
   d - Dispel Undead                  Necromancy                   5
   e - Excruciating Wounds            Charms/Necromancy            5
   f - Bolt of Draining               Conjuration/Necromancy       5
 u - a book of Beasts

   Spells                             Type                      Level
   a - Summon Butterflies             Summoning                    1
   b - Call Canine Familiar           Summoning                    3
   c - Summon Ice Beast               Ice/Summoning                4
   d - Summon Mana Viper              Hexes/Summoning              5
   e - Monstrous Menagerie            Summoning                    6
   f - Summon Hydra                   Summoning                    7
Comestibles
 a - a royal jelly
 d - 3 bread rations
 f - 3 beef jerkies
 q - 2 meat rations


   Skills:
 + Level 4.9 Fighting
 * Level 6.3 Crossbows
 + Level 3.9 Dodging
 - Level 0.8 Stealth


You had 6 spell levels left.
You didn't know any spells.

Dungeon Overview and Level Annotations

Branches:
Dungeon (6/15)
 Temple: D:4-7

Altars:
Dithmenos
Fedhas
Nemelex Xobeh
Qazlal
Ru
Sif Muna
Xom
Zin

Annotations:
D:5 Sigmund


Innate Abilities, Weirdness & Mutations

You can spit globs of acid.
You are resistant to acid.
Your golden yellow scales are hard (AC +6).
Your body does not fit into most forms of armour.
You are cold-blooded and may be slowed by cold attacks.
You have large cloven feet.


Message History

The elf zombie misses you.
The goblin zombie completely misses you.
A mummy comes into view.
A hobgoblin zombie comes into view.
An orc zombie comes into view.
A goblin zombie comes into view.
A centaur zombie comes into view.
A gnoll zombie comes into view.
A gnoll zombie comes into view.
The goblin zombie hits you but does no damage.
Found a gate leading back out of this place.
A mummy comes into view.
The centaur zombie hits you.
* * * LOW HITPOINT WARNING * * *
A big kobold zombie comes into view.
The centaur zombie barely misses you. The hobgoblin zombie misses you.
The centaur zombie completely misses you.
The centaur zombie hits you!
You die...

$$$ #.# #.#
##.##
#####...#####
#.....∩.....#
##.......Z.##
#...M.......#
##..Z.@....##
#...Z.ZZ....#
##...Z.....##
#.....ZM....#
##....Z..Z.##
#...........#
##...ZZ....##
#...........#
##.........##


You could see 2 mummies, 3 goblin zombies, a hobgoblin zombie, 3 gnoll zombies,
a big kobold zombie, an orc zombie, an elf zombie and a centaur zombie.

Vanquished Creatures
  Edmund (D:5)
  A necrophage (D:6)
  A sky beast (D:6)
  An ice beast (D:5)
  A human zombie (Ossuary)
  2 hounds (D:4)
  A worker ant (D:4)
  2 hound skeletons
  6 adders
  An ooze (D:4)
  3 adder skeletons
  2 worms
  4 giant geckos
  3 orcs
  9 goblins
  8 hobgoblins
  5 kobolds
  2 quokkas
  8 bats
  4 giant cockroaches
  6 giant newts
  A hobgoblin zombie (Ossuary)
  A jackal zombie (D:3)
  An orc zombie (Ossuary)
  12 rats
86 creatures vanquished.

Notes
Turn   | Place    | Note
--------------------------------------------------------------
     0 | D:1      | namelastname112, the Draconian Hunter, began the quest for the Orb.
     0 | D:1      | Reached XP level 1. HP: 17/17 MP: 1/1
   248 | D:1      | Reached XP level 2. HP: 25/25 MP: 2/2
   585 | D:2      | Reached skill level 4 in Crossbows
   640 | D:2      | Reached XP level 3. HP: 18/30 MP: 3/3
  1289 | D:2      | Reached XP level 4. HP: 19/38 MP: 4/4
  1725 | D:3      | Found a shadowy altar of Dithmenos.
  1752 | D:3      | Found a sparkling altar of Nemelex Xobeh.
  1971 | D:4      | Found a sacrificial altar of Ru.
  1985 | D:4      | Found a glowing silver altar of Zin.
  1985 | D:4      | Found a blossoming altar of Fedhas.
  1985 | D:4      | Found a shimmering altar of Xom.
  1987 | D:4      | Found a stormy altar of Qazlal.
  1987 | D:4      | Found a deep blue altar of Sif Muna.
  2153 | D:4      | Reached XP level 5. HP: 24/45 MP: 5/5
  2251 | D:4      | Reached skill level 5 in Crossbows
  2693 | D:5      | Entered Level 5 of the Dungeon
  2748 | D:5      | Noticed Sigmund
  2751 | D:5      | Noticed Edmund
  2811 | D:5      | Noticed an ice beast
  2864 | D:5      | Killed an ice beast
  2864 | D:5      | Reached XP level 6. HP: 21/52 MP: 6/6
  2887 | D:5      | Killed Edmund
  3042 | D:6      | Reached skill level 6 in Crossbows
  3042 | D:6      | Your scales start taking on a golden yellow colour.
  3042 | D:6      | Reached XP level 7. HP: 31/60 MP: 7/7
  3071 | D:6      | Gained mutation: You have large cloven feet. [mutagenic meat]
  3091 | D:6      | HP: 1/60 [wight/enchanted halberd (17)]
  3147 | D:6      | Found a sand-covered staircase.
  3153 | Ossuary  | Entered an ossuary
  3475 | Ossuary  | Slain by a centaur zombie

Action                   |  1- 3 |  4- 6 |  7- 9 || total
-------------------------+-------+-------+-------++-------
Melee: Short sword       |    37 |       |       ||    37
       Dagger            |    83 |   219 |    62 ||   364
       Unarmed           |       |    27 |       ||    27
  Use: Potion            |       |     6 |     1 ||     7
       Scroll            |       |     7 |       ||     7
 Stab: Sleeping          |       |     2 |       ||     2
  Eat: Chunk             |       |     6 |     1 ||     7
       Pizza             |       |     1 |       ||     1
       Meat ration       |       |       |     1 ||     1
